 Dungeon Crawl Stone Soup version 0.29-a0-321-gf1c400731a (webtiles) character file.

Game seed: 12976397393853188062

45523 jmlagarto the Protected (level 14, -1/177 HPs)
             Began as a Minotaur Abyssal Knight on Apr 2, 2022.
             Was the Champion of Lugonu.
             Slain by a seven-headed hydra (10 damage)
             ... on level 6 of the Lair of Beasts on Apr 3, 2022.
             The game lasted 00:38:19 (20290 turns).

jmlagarto the Protected (Minotaur Abyssal Knight)  Turns: 20290, Time: 00:38:20

Health: -1/177     AC: 20    Str: 26    XL:     14   Next: 1%
Magic:  17/17      EV: 16    Int:  7    God:    Lugonu [******]
Gold:   1210       SH: 13    Dex: 15    Spells: 13/13 levels left

rFire   . . .      SeeInvis .   W - +6 demon trident (venom)
rCold   . . .      Faith    .   A - +0 kite shield
rNeg    . . .      Spirit   .   u - +1 ring mail "Rifuen" {rElec Str+2}
rPois   .          Reflect  .   (helmet restricted)
rElec   +          Harm     .   b - +1 cloak
rCorr   .          Rampage  .   V - +0 pair of gloves {Dex+3}
Will    ++...                   U - +0 pair of boots
Stlth   ..........              E - amulet of regeneration
HPRegen 1.19/turn               S - ring of willpower
MPRegen 0.15/turn               j - +4 ring of protection

@: berserking, very quick
A: horns 2, retaliatory headbutt, iridescent scales 1, sense surroundings 1,
strong 1, wild magic 1
a: Renounce Religion, Depart the Abyss, Bend Space, Banish, Corrupt, Enter the
Abyss, Brand Weapon With Distortion


You were on level 6 of the Lair of Beasts.
You worshipped Lugonu.
Lugonu was exalted by your worship.
You visited 2 branches of the dungeon, and saw 16 of its levels.
You visited the Abyss 1 time.

You collected 1210 gold pieces.

Inventory:

Hand Weapons
 g - a +9 falchion of distortion
 W - a +6 demon trident of venom (weapon)
Missiles
 s - 68 poisoned darts (quivered)
 D - 7 atropa-tipped darts
 K - 4 curare-tipped darts
 R - 4 throwing nets
Armour
 b - a +1 cloak (worn)
 u - the +1 ring mail "Rifuen" (worn) {rElec Str+2}
   (You found it on level 6 of the Dungeon)

   Str:       It affects your strength (+2).
   rElec:     It insulates you from electricity.
 A - a +0 kite shield (worn)
 U - a +0 pair of boots (worn)
 V - a +0 pair of gloves of dexterity (worn)
Jewellery
 c - a ring of protection from fire
 e - a ring of wizardry
 j - a +4 ring of protection (right hand)
 y - a ring of see invisible
 E - an amulet of regeneration (around neck)
 F - a ring of ice
 S - a ring of willpower (left hand)
 X - a ring of protection from cold
Wands
 k - a wand of polymorph (14)
 x - a wand of iceblast (14)
 G - a wand of acid (4)
 M - a wand of charming (7)
 O - a wand of mindburst (16)
 P - a wand of flame (5)
Scrolls
 d - 7 scrolls of teleportation
 m - a scroll of holy word
 o - 3 scrolls of magic mapping
 q - 2 scrolls of immolation
 t - 3 scrolls of fear
 w - a scroll of enchant armour
 B - 4 scrolls of amnesia
 C - 2 scrolls of fog
 Y - a scroll of silence
 Z - 3 scrolls of blinking
Potions
 f - 2 potions of brilliance
 h - a potion of mutation
 i - 2 potions of ambrosia
 l - a potion of might {unknown}
 n - 4 potions of curing
 r - 5 potions of haste
 v - 2 potions of resistance
 z - 3 potions of degeneration {unknown}
 H - a potion of invisibility {unknown}
 J - 3 potions of heal wounds {unknown}
 L - a potion of lignification {unknown}
 N - 4 potions of attraction {unknown}
 Q - 3 potions of flight {unknown}
 T - 2 potions of cancellation {unknown}


   Skills:
 + Level 9.3 Fighting
 + Level 12.0 Long Blades
 - Level 2.4 Axes
 + Level 13.3 Armour
 + Level 12.0 Dodging
 + Level 13.1 Shields
 + Level 6.4 Invocations
 + Level 7.3 Evocations


You had 13 spell levels left.
You didn't know any spells.
Your spell library contained the following spells:

 Spells                   Type           Power      Damage    Failure   Level
 Animate Skeleton         Necr           0%         N/A       83%         1
 Foxfire                  Conj/Fire      0%         2x1d4     83%         1
 Pain                     Necr           0%         1d4       83%         1
 Ensorcelled Hibernation  Hex/Ice        0%         N/A       92%         2
 Sublimation of Blood     Necr           0%         N/A       92%         2
 Wereblood                Tmut           0%         N/A       92%         2
 Conjure Flame            Conj/Fire      0%         6-21      99%         3
 Frozen Ramparts          Ice            0%         1d2       99%         3
 Inner Flame              Hex/Fire       0%         N/A       99%         3
 Ozocubu's Armour         Ice            0%         N/A       99%         3
 Spider Form              Tmut/Pois      0%         N/A       99%         3
 Vampiric Draining        Necr           0%         2d6       99%         3
 Anguish                  Hex/Necr       0%         N/A       100%        4
 Flame Wave               Conj/Fire      0%         2d4       100%        4
 Ice Form                 Ice/Tmut       0%         N/A       100%        4
 Summon Ice Beast         Ice/Summ       0%         N/A       100%        4
 Metabolic Englaciation   Hex/Ice        0%         N/A       100%        5
 Simulacrum               Ice/Necr       0%         N/A       100%        6
 Summon Hydra             Summ           0%         N/A       100%        7


Dungeon Overview and Level Annotations

Branches:
Dungeon (10/15)            Temple (0/1) D:4            Lair (6/6) D:10
  Swamp (0/4) Lair:3        Snake (0/4) Lair:3        Slime (0/5) Lair:5
    Orc: D:9-12

Altars:
Cheibriados
Dithmenos
Gozag
Ru
Uskayaw
Vehumet
The Shining One

Shops:
D:1 *

Annotations:
Lair:4 corrupted
Abyss:1 Gastronok, Grinder, Joseph, Nergalle


Innate Abilities, Weirdness & Mutations

You have a pair of horns on your head.
You reflexively headbutt those who attack you in melee.
You are partially covered in iridescent scales. (AC +2)
You passively map a small area around you.
Your muscles are strong. (Str +2)
Your spells are a little harder to cast, but a little more powerful.


Message History

The seven-headed hydra misses you. The seven-headed hydra bites you.
* * * LOW HITPOINT WARNING * * *
The seven-headed hydra bites you but does no damage.
The seven-headed hydra misses you.
The seven-headed hydra bites you but does no damage. x2
You puncture the seven-headed hydra!
The seven-headed hydra is heavily wounded.
The seven-headed hydra bites you but does no damage.
The seven-headed hydra completely misses you.
You block the seven-headed hydra's attack. x3
The seven-headed hydra bites you but does no damage.
The seven-headed hydra bites you.
* * * LOW HITPOINT WARNING * * *
You puncture the seven-headed hydra!
The seven-headed hydra is poisoned.
The seven-headed hydra is severely wounded.
The seven-headed hydra bites you.
* * * LOW HITPOINT WARNING * * *
The seven-headed hydra bites you!
* * * LOW HITPOINT WARNING * * *
You block the seven-headed hydra's attack.
The seven-headed hydra bites you.
* * * LOW HITPOINT WARNING * * *
You block the seven-headed hydra's attack.
The seven-headed hydra bites you.
* * * LOW HITPOINT WARNING * * *
The seven-headed hydra misses you.
The seven-headed hydra bites you but does no damage.
The seven-headed hydra bites you.
* * * LOW HITPOINT WARNING * * *
The seven-headed hydra bites you but does no damage.
The seven-headed hydra completely misses you.
The seven-headed hydra bites you but does no damage.
The seven-headed hydra closely misses you.
The seven-headed hydra bites you but does no damage.
A red film seems to cover your vision as you go berserk!
You feel yourself moving faster!
You feel mighty!
The seven-headed hydra bites you but does no damage.
The seven-headed hydra completely misses you.
The seven-headed hydra bites you!
You die...

### #.###
##...#####
#.P....... ,
#.....##* , *
##†..÷.##,
##†#÷...###
##.†#......##
, *
##..##@....÷..
#..P#..D.#..8.
#.P.#...##*...
* #P..#...#,
*.8,*
#...#÷...* ,.
, * ##..#.÷..#
8 ,* #..##.8..
* #...#..... ,
#...##..÷.. ,
* *


You could see a seven-headed hydra (very poisoned).

Vanquished Creatures
  4 hydras
  A catoblepas (Lair:6)
  A centaur warrior (D:10)
  A two-headed ogre (D:9)
  2 death yaks (Lair:6)
  A deep troll shaman (Lair:6)
  Amaemon (D:9)
  Pikel (D:6)
  A mana viper (D:9)
  10 elephants
  A black mamba (Lair:3)
  2 gargoyles (D:8)
  9 cane toads
  Maggie (D:9)
  A kobold demonologist (D:8)
  An orange demon (D:8)
  A torpor snail (Lair:6)
  5 komodo dragons
  4 rime drakes
  2 slime creatures (D:9)
  2 polar bears (Lair:3)
  4 dream sheep (Lair:6)
  4 blink frogs (Lair:1)
  A shadow (D:10)
  7 basilisks
  5 wyverns
  20 yaks
  Grum (D:9)
  A steam dragon (D:7)
  Menkaure (D:6)
  2 nagas (Lair:3)
  15 water moccasins
  An orc warrior (D:9)
  2 ice beasts (D:5)
  2 black bears
  8 wolves
  4 lemures
  4 centaurs
  A phantom (D:5)
  12 kobold brigands
  11 bullfrogs
  A gnoll sergeant (D:7)
  2 scorpions
  18 wights
  9 killer bees (D:6)
  5 howler monkeys
  2 electric eels
  5 jellies
  A hound (D:5)
  Crazy Yiuf (D:2)
  4 orc priests
  2 gnoll shamans (D:9)
  An iguana (D:5)
  5 orc wizards
  15 gnolls
  5 adders
  A shadow imp (D:8)
  2 white imps (D:7)
  An ufetubus (D:4)
  2 worms
  A dart slug (D:4)
  22 orcs
  4 endoplasms
  3 giant cockroaches
  6 goblins
  4 hobgoblins
  26 kobolds
  3 quokkas
  6 ball pythons
  2 bats
  4 frilled lizards
  7 rats
328 creatures vanquished.

Vanquished Creatures (others)
  An elephant (Lair:4)
  A cane toad (Lair:4)
  2 komodo dragons (Lair:4)
  5 blink frogs (Lair:4)
  2 bullfrogs (Lair:4)
  A kobold (D:8)
  2 bushes
  2 foxfires (Lair:4)
  32 fungi
  53 plants
  2 starspawn tentacles (Lair:4)
103 creatures vanquished.

Grand Total: 431 creatures vanquished

Notes
Turn   | Place    | Note
-------+----------+-------------------------------------------
     0 | Abyss:1  | jmlagarto the Minotaur Abyssal Knight began the quest for
                  | the Orb.
     0 | Abyss:1  | Reached XP level 1. HP: 19/19 MP: 1/1
   102 | Abyss:1  | Noticed a thrashing horror
   103 | D:1      | Escaped the Abyss
   252 | D:1      | Reached ** piety under Lugonu
   324 | D:1      | Found Qycveom's General Store.
   397 | D:1      | Reached XP level 2. HP: 17/27 MP: 2/2
  1032 | D:2      | Reached skill level 1 in Long Blades
  1468 | D:2      | Found a runed translucent door.
  1469 | D:2      | Noticed Crazy Yiuf
  1479 | D:2      | Gained mutation: Your spells are a little harder to cast,
                  | but a little more powerful. [potion of mutation]
  1479 | D:2      | Gained mutation: Your muscles are strong. (Str +2) [potion
                  | of mutation]
  1479 | D:2      | Gained mutation: You passively map a small area around you.
                  | [potion of mutation]
  1479 | D:2      | Gained mutation: You are partially covered in iridescent
                  | scales. (AC +2) [potion of mutation]
  1480 | D:2      | Killed Crazy Yiuf
  1481 | D:2      | Reached XP level 3. HP: 3/33 MP: 3/3
  1482 | D:2      | HP: 1/33 [poisoned by Crazy Yiuf]
  1845 | D:3      | Reached XP level 4. HP: 40/40 MP: 4/4
  2065 | D:3      | Noticed a scorpion
  2071 | D:3      | Banished a scorpion
  2140 | D:3      | Reached XP level 5. HP: 43/47 MP: 6/6
  2755 | D:4      | Reached *** piety under Lugonu
  3128 | D:4      | Found a staircase to the Ecumenical Temple.
  3135 | D:4      | Reached XP level 6. HP: 46/55 MP: 7/7
  3216 | D:5      | Entered Level 5 of the Dungeon
  3219 | D:5      | Reached skill level 5 in Fighting
  3357 | D:5      | Noticed an ice beast
  3369 | D:5      | Killed an ice beast
  3386 | D:5      | Reached XP level 7. HP: 58/61 MP: 8/8
  3455 | D:5      | Reached skill level 5 in Armour
  3530 | D:5      | Found an opulent altar of Gozag.
  4040 | D:5      | Found a shadowy altar of Dithmenos.
  4127 | D:6      | Reached skill level 1 in Shields
  4129 | D:6      | Reached skill level 5 in Long Blades
  4133 | D:6      | Identified the +4 spear "Ufeakaorru" {spect, Str+3}
  4150 | D:6      | Reached XP level 8. HP: 40/70 MP: 9/9
  4403 | D:6      | Noticed Grinder
  4421 | D:5      | Banished Grinder
  4422 | D:5      | Reached skill level 5 in Shields
  4461 | D:6      | Noticed Pikel
  4492 | D:6      | Killed Pikel
  4493 | D:6      | Reached skill level 5 in Evocations
  4898 | D:6      | Noticed Menkaure
  4902 | D:6      | Killed Menkaure
  4903 | D:6      | Reached XP level 9. HP: 75/75 MP: 10/10
  5139 | D:6      | Found a snail-covered altar of Cheibriados.
  5271 | D:6      | Identified the +1 ring mail "Rifuen" {rElec Str+2}
  5858 | D:7      | Reached **** piety under Lugonu
  5885 | D:7      | Reached skill level 10 in Long Blades
  6400 | D:8      | Noticed a kobold demonologist
  6425 | D:8      | Noticed a red devil
  6431 | D:8      | Noticed a smoke demon
  6446 | D:8      | Killed a kobold demonologist
  6447 | D:8      | Reached skill level 5 in Dodging
  6679 | D:8      | Reached XP level 10. HP: 66/83 MP: 11/11
  6782 | D:8      | Noticed Amaemon
  6784 | D:8      | Noticed an orange demon
  6939 | D:9      | Killed Amaemon
  7263 | D:8      | Killed an orange demon
  7354 | D:8      | Noticed Joseph
  7361 | D:8      | Banished Joseph
  7567 | D:8      | Found a sacrificial altar of Ru.
  7987 | D:8      | Noticed a gargoyle
  7987 | D:8      | Noticed a gargoyle
  7991 | D:8      | Banished a gargoyle
  7992 | D:8      | Noticed a gargoyle
  7995 | D:8      | Banished a gargoyle
  8000 | D:8      | Noticed a gargoyle
  8002 | D:8      | Killed a gargoyle
  8007 | D:8      | Killed a gargoyle
  8714 | D:9      | Noticed Grum
  8718 | D:9      | Reached ***** piety under Lugonu
  8997 | D:9      | Killed Grum
  9356 | D:9      | Reached XP level 11. HP: 89/89 MP: 12/12
 10028 | D:10     | Entered Level 10 of the Dungeon
 10028 | D:10     | Noticed Harold
 10029 | D:10     | Noticed Harold
 10029 | D:10     | Harold changed into Harold the mana viper
 10045 | D:9      | Killed Harold the mana viper
 10135 | D:10     | Noticed a two-headed ogre
 10136 | D:10     | Noticed a two-headed ogre
 10150 | D:9      | Banished a two-headed ogre
 10151 | D:9      | Reached skill level 10 in Armour
 10445 | D:9      | HP: 3/133 [two-headed ogre/+0 giant spiked club (11)]
 10448 | D:9      | Killed a two-headed ogre
 10449 | D:9      | Reached skill level 10 in Shields
 10804 | D:10     | Noticed Maggie
 11147 | D:9      | Killed Maggie
 11834 | D:10     | Found a staircase to the Lair.
 11920 | D:10     | Reached skill level 10 in Dodging
 12269 | D:10     | Noticed a centaur warrior
 12277 | D:10     | Killed a centaur warrior
 12500 | D:10     | Found a radiant altar of Vehumet.
 12504 | D:10     | Found a hide-covered altar of Uskayaw.
 12505 | D:10     | Found a glowing golden altar of the Shining One.
 12730 | Lair:1   | Entered Level 1 of the Lair of Beasts
 12756 | Lair:1   | Reached XP level 12. HP: 64/96 MP: 13/13
 14213 | Lair:2   | Reached ****** piety under Lugonu
 14231 | Lair:2   | Noticed Nergalle
 14239 | Lair:2   | Banished Nergalle
 14809 | D:7      | Identified the +3 dagger of Instant Death {elec, *Rage Fly
                  | Int-2 Dex+7}
 14943 | Lair:3   | Noticed an eight-headed hydra
 14962 | Lair:3   | Killed an eight-headed hydra
 15413 | Lair:3   | Noticed Gastronok
 15940 | Lair:3   | Banished Gastronok
 16119 | Lair:3   | Found a staircase to the Snake Pit.
 16129 | Lair:3   | Reached XP level 13. HP: 56/107 MP: 15/15
 16446 | Lair:3   | Upgraded the game from 0.29-a0-320-g9f8742066b to
                  | 0.29-a0-321-gf1c400731a
 16577 | Lair:3   | Found a staircase to the Swamp.
 16949 | Lair:3   | Reached skill level 5 in Invocations
 17720 | Lair:4   | You fall into a shaft and drop 2 floors!
 17720 | Lair:6   | Entered Level 6 of the Lair of Beasts
 18096 | Lair:4   | Corrupted Lair:4
 18096 | Lair:4   | Noticed a starcursed mass
 18096 | Lair:4   | Noticed a starcursed mass
 18096 | Lair:4   | Noticed a tentacled monstrosity
 18096 | Lair:4   | Noticed a starcursed mass
 18096 | Lair:4   | Noticed a blizzard demon
 18096 | Lair:4   | Noticed a starcursed mass
 18096 | Lair:4   | Noticed a tentacled starspawn
 18747 | Lair:5   | Found a staircase to the Slime Pits.
 20279 | Lair:6   | Reached XP level 14. HP: 76/118 MP: 17/17
 20289 | Lair:6   | HP: 5/118 [seven-headed hydra (2)]
 20290 | Lair:6   | Slain by a seven-headed hydra

Illustrated notes

Levels and vault maps discovered:
D:1:      scummos_arrival_star, layout_loops_cross, serial_shops,
          nicolae_shop_statue_plus
D:2:      layout_loops_ring, minivault_24, hangedman_abyss_or_decor_stabs,
          uniq_crazy_yiuf_cottage
D:3:      layout_basic
D:4:      layout_loops_ring, minmay_temple_entry_proselytizer
D:5:      layout_loops_cross, grunt_gozag_breadcrumbs, general_overflow_altar
D:6:      layout_cave_pools, cheibrodos_worm_habitat, serial_bayou_pond_a,
          uniq_menkaure, uniq_grinder, uniq_pikel
D:7:      layout_loops_corners
D:8:      cheibrodos_statue_roulette, layout_layer_cave,
          mainiacjoe_overflow_paths, enter_bailey_6, special_room
          [special_room_kobold], kennysheep_generic_room_14, uniq_amaemon,
          uniq_joseph
D:9:      layout_basic, minmay_misc_feat_cross, uniq_grum
D:10:     layout_cave_pools, minitemple, minmay_lair_entry_grove,
          minmay_orc_keep, uniq_harold, uniq_maggie
Lair:1:   layout_cave_pods, grunt_megastairs_1, serial_bayou_shore_b
Lair:2:   layout_chaotic_city, infiniplex_staircase_pool, grunt_megastairs_4,
          uniq_nergalle
Lair:3:   layout_big_grid, swamp_mist, guppyfry_snake_entry_island,
          nicolae_volcano_entry_s_turn, nzn_random_ring, uniq_gastronok
Lair:4:   layout_small_grid, serial_bayou_pond_d, chequers_serial_rivers_small_b
Lair:5:   layout_regular_city, minmay_slime_entry_pillars, wad_woods_06,
          grunt_megastairs_5, infiniplex_staircase_pool_2, serial_bayou_shore_a,
          lemuel_fruit_tree
Lair:6:   grunt_lair_end_beastmaster, layout_regular_city

Skill      XL: |  1  2  3  4  5  6  7  8  9 10 11 12 13 |
---------------+----------------------------------------+-----
Invocations    | 2 4 6 |  6.4
Long Blades    | 1 2 3 4 5 6 10 12 | 12.0
Fighting       | 4 5 6 7 9 |  9.3
Armour         | 3 4 5 6 9 11 12 13 | 13.3
Dodging        | 2 3 4 5 8 10 11 12 | 12.0
Shields        | 3 5 6 8 11 12 13 | 13.1
Evocations     | 5 6 7 |  7.3
Axes           | |  2.4

Action                   |  1- 3 |  4- 6 |  7- 9 | 10-12 | 13-15 || total
-------------------------+-------+-------+-------+-------+-------++-------
Melee: Falchion          |    44 |    60 |   181 |   576 |   319 ||  1180
       Headbutt          |     5 |     8 |    31 |   114 |    91 ||   249
       Hand axe          |     1 |       |       |       |       ||     1
       Demon trident     |       |       |       |     6 |    22 ||    28
Throw: Dart              |       |     1 |     4 |     7 |       ||    12
Invok: Depart the Abyss  |     1 |       |       |       |       ||     1
       Banish            |       |       |       |     1 |       ||     1
       Corrupt           |       |       |       |       |     1 ||     1
Evoke: Wand              |       |       |       |     2 |     2 ||     4
  Use: Potion            |     2 |       |       |     3 |     3 ||     8
       Scroll            |     3 |     4 |     3 |    10 |     7 ||    27
 Stab: Invisible         |     1 |       |       |       |       ||     1
       Petrified         |       |       |       |       |     5 ||     5
       Petrifying        |       |       |       |       |     1 ||     1
Armor: Leather armour    |     5 |       |       |       |       ||     5
       Ring mail         |     6 |    25 |    74 |   328 |   136 ||   569
Dodge: Dodged            |    21 |    35 |   101 |   320 |   200 ||   677
Block: Kite shield       |       |       |    87 |   382 |   251 ||   720

Table legend: (Time is in decaauts)
 A = Elapsed time spent in this place.
 B = Non-inter-level travel time spent in this place.
 C = Inter-level travel time spent in this place.
 D = Time resting spent in this place.
 E = Time spent auto-exploring this place.
 F = Levels seen in this place.
 G = Mean time per level.
                   A        B        C        D        E       F      G
               +--------+--------+--------+--------+--------+-----+--------+
         Total |  20299 |  19592 |    707 |   1732 |  14892 |  17 | 1194.1 |
       Dungeon |  12794 |  12316 |    478 |   1007 |   9515 |  10 | 1279.4 |
          Lair |   7401 |   7173 |    228 |    724 |   5277 |   6 | 1233.5 |
         Abyss |    103 |    103 |      0 |      0 |    100 |   1 |  103.0 |
               +--------+--------+--------+--------+--------+-----+--------+

Top non-repeatable levels by time:
     D:9: 2904 daAuts
     D:8: 2313 daAuts
  Lair:2: 1627 daAuts
  Lair:5: 1595 daAuts
  Lair:3: 1381 daAuts
    D:10: 1310 daAuts
  Lair:1: 1208 daAuts
     D:6: 1187 daAuts
  Lair:4: 1110 daAuts
     D:7: 1022 daAuts
     D:2: 929 daAuts
     D:5: 926 daAuts
     D:3: 776 daAuts
     D:1: 748 daAuts
     D:4: 675 daAuts
